 Dungeon Crawl Stone Soup version 0.29.1-1-gd02db6906a (webtiles) character file.

Game seed: 4527375326395686449

600453 corgi the Conqueror (level 25, -7/257 HPs)
             Began as a Minotaur Fighter on Oct 9, 2022.
             Was an Initiate of Gozag.
             Killed from afar by a red draconian scorcher (58 damage)
             ... with damnation
             ... led by a green draconian monk
             ... on level 2 of the Realm of Zot on Oct 13, 2022.
             The game lasted 08:19:55 (88390 turns).

corgi the Conqueror (Minotaur Fighter)             Turns: 88390, Time: 08:19:56

Health: -7/257     AC: 42    Str: 36    XL:     25   Next: 33%
Magic:  19/19      EV: 19    Int: 11    God:    Gozag
Gold:   3277       SH: 35    Dex: 19    Spells: 24/24 levels left

rFire   + + .      SeeInvis +   a - +18 lance "Wyrmbane" {slay drac, rPois rF+ rC+ AC+3}
rCold   + + +      Faith    .   v - +6 tower shield {rC+ rF+}
rNeg    + + .      Spirit   .   V - +2 crystal plate armour
rPois   +          Reflect  +   K - +0 hat of the Trombone {Harm Will+}
rElec   .          Harm     +   r - +2 cloak
rCorr   .          Rampage  .   W - +2 pair of gloves {Str+3}
Will    ++...                   B - +3 pair of mountain boots {steadfast, rC+}
Stlth   ..........              l - amulet of Nilaesku {Reflect Int+6 SH+5}
HPRegen 0.52/turn               Q - ring "Hidom" {rPois rN+ Str+3 SInv}
MPRegen 0.16/turn               m - ring of Yghygos {rN+ Str+6 SInv}

@: lethally poisoned (-7 -> -14), studying 2 skills, unable to read
A: horns 2, retaliatory headbutt, cold resistance 1, deformed body,
deterioration 1, low MP 1, mutation resistance 1, inability to read after injury
1
}: 5/15 runes: serpentine, barnacled, slimy, silver, abyssal
a: Renounce Religion, Potion Petition, Call Merchant, Bribe Branch


You were on level 2 of the Realm of Zot.
You worshipped Gozag.
Gozag was most pleased with you.
You visited 11 branches of the dungeon, and saw 51 of its levels.
You visited the Abyss 2 times.
You visited 3 bazaars.
You also visited: Trove and Bailey.

You collected 26049 gold pieces.
You spent 13193 gold pieces at shops.
You paid 9579 gold pieces to Gozag.

Inventory:

Hand Weapons
 a - the +18 lance "Wyrmbane" (weapon) {slay drac, rPois rF+ rC+ AC+3}
   (You bought it in a shop in a bazaar)

   It inflicts extra damage against dragons and draconians.
   AC:        It affects your AC (+3).
   rF:        It protects you from fire.
   rC:        It protects you from cold.
   rPois:     It protects you from poison.
 b - a +6 sling of flaming
 f - a +7 antimagic spear
 k - a +0 long sword
 n - the +7 lajatang of Order {silver, rMut}
   (You found it on level 5 of the Pits of Slime)

   It inflicts extra damage upon those it strikes, and deals substantially
   increased damage to chaotic, mutated and magically transformed beings.
   rMut:      It protects you from mutation.
 w - a +5 trishula of holy wrath
Armour
 d - the +9 plate armour "Pujen" {rElec rF- rC+++ SInv}
   (You found it on level 1 of the Realm of Zot)

   rF:        It makes you vulnerable to fire.
   rC:        It renders you almost immune to cold.
   rElec:     It insulates you from electricity.
   SInv:      It lets you see invisible.
 g - +1 fire dragon scales
 r - a +2 cloak (worn)
 v - a +6 tower shield of resistance (worn)
 B - the +3 pair of mountain boots (worn) {steadfast, rC+}
   (You found it on level 5 of the Pits of Slime)

   It prevents involuntary movement, except for blinking, teleportation, or
   banishment.
   rC:        It protects you from cold.
 H - the +2 buckler of the Vaults {Harm rC++}
   (You took it off a deep elf death mage on level 3 of the Elven Halls)

   rC:        It greatly protects you from cold.
   Harm:      It increases damage dealt and taken.
 K - the +0 hat of the Trombone (worn) {Harm Will+}
   (You found it on level 4 of the Vaults)

   Harm:      It increases damage dealt and taken.
   Will:      It increases your willpower.
 O - +2 shadow dragon scales
 R - the +3 pair of boots of Contentment {Harm rF+ Str+3 Dex-4}
   (You found it in a treasure trove)

   Str:       It affects your strength (+3).
   Dex:       It affects your dexterity (-4).
   rF:        It protects you from fire.
   Harm:      It increases damage dealt and taken.
 T - the +9 plate armour "Gemafihe" {rN+ Str+3 Dex-3 Stlth+}
   (You bought it in a shop on level 4 of the Vaults)

   Str:       It affects your strength (+3).
   Dex:       It affects your dexterity (-3).
   rN:        It protects you from negative energy.
   Stlth:     It makes you more stealthy.
 V - a +2 crystal plate armour (worn)
 W - a +2 pair of gloves of strength (worn)
Jewellery
 e - the ring of Keunk {rElec Str+3 Dex+6 SInv}
   (You took it off a deep elf blademaster on level 3 of the Elven Halls)

   [ring of dexterity]

   Str:       It affects your strength (+3).
   Dex:       It affects your dexterity (+6).
   rElec:     It insulates you from electricity.
   SInv:      It lets you see invisible.
 l - the amulet of Nilaesku (around neck) {Reflect Int+6 SH+5}
   (You found it on level 3 of the Elven Halls)

   [amulet of reflection]

   It reflects blocked missile attacks.
   Int:       It affects your intelligence (+6).
   SH:        It affects your SH (+5).
 m - the ring of Yghygos (right hand) {rN+ Str+6 SInv}
   (You bought it in a shop in a bazaar)

   [ring of strength]

   Str:       It affects your strength (+6).
   rN:        It protects you from negative energy.
   SInv:      It lets you see invisible.
 o - a +4 ring of evasion
 p - a ring of willpower
 s - the ring of Xom's Capriciousness {rC+ Str+4 Int-2 Dex+2 SInv}
   (You found it on level 5 of the Pits of Slime)

   [ring of protection from cold]

   Str:       It affects your strength (+4).
   Int:       It affects your intelligence (-2).
   Dex:       It affects your dexterity (+2).
   rC:        It protects you from cold.
   SInv:      It lets you see invisible.
 x - a +4 ring of slaying
 z - a +4 ring of evasion
 D - an amulet of the acrobat
 F - the ring "Wuntaevoph" {Fly Str+6}
   (You bought it in a shop on level 3 of the Snake Pit)

   [ring of strength]

   Str:       It affects your strength (+6).
   Fly:       It grants you flight.
 Q - the ring "Hidom" (left hand) {rPois rN+ Str+3 SInv}
   (You bought it in a shop on level 3 of the Lair of Beasts)

   [ring of see invisible]

   Str:       It affects your strength (+3).
   rPois:     It protects you from poison.
   rN:        It protects you from negative energy.
   SInv:      It lets you see invisible.
 Z - the ring of Stoicism {rCorr Dex+6}
   (You found it on level 3 of the Elven Halls)

   [ring of dexterity]

   Dex:       It affects your dexterity (+6).
   rCorr:     It protects you from acid and corrosion.
Wands
 h - a wand of flame (4)
 E - a wand of digging (3) (quivered)
Scrolls
 c - 6 scrolls of magic mapping
 i - 7 scrolls of blinking
 j - 39 scrolls of identify
 q - 2 scrolls of silence
 C - a scroll of enchant weapon
 I - 3 scrolls of butterflies
 L - 16 scrolls of teleportation
 N - 4 scrolls of fear
Potions
 t - 5 potions of berserk rage
 u - 4 potions of cancellation
 y - 21 potions of curing
 A - 3 potions of resistance
 G - 7 potions of invisibility
 P - 3 potions of haste
 S - 5 potions of flight
 Y - 4 potions of heal wounds


   Skills:
 O Level 27 Fighting
 * Level 3.1 Long Blades
 - Level 17.1(17.8) Polearms
 - Level 8.7(14.0) Staves
 - Level 14.0 Ranged Weapons
 O Level 27 Armour
 + Level 20.5 Dodging
 - Level 9.2 Stealth
 - Level 22.6 Shields


You had 24 spell levels left.
You didn't know any spells.
Your spell library contained the following spells:

 Spells                   Type           Power      Damage    Failure   Level
 Apportation              Tloc           0%         N/A       93%         1
 Freeze                   Ice            0%         1d3       93%         1
 Magic Dart               Conj           0%         1d3       93%         1
 Sandblast                Erth           0%         2d4       93%         1
 Shock                    Conj/Air       0%         1d3       93%         1
 Blink                    Tloc           0%         N/A       98%         2
 Ensorcelled Hibernation  Hex/Ice        0%         N/A       98%         2
 Passwall                 Tmut/Erth      0%         N/A       98%         2
 Scorch                   Fire           0%         2d5       98%         2
 Searing Ray              Conj           0%         2d4       98%         2
 Static Discharge         Conj/Air       0%         3-3/arc   98%         2
 Sublimation of Blood     Necr           0%         N/A       98%         2
 Wereblood                Tmut           0%         N/A       98%         2
 Call Canine Familiar     Summ           0%         N/A       100%        3
 Frozen Ramparts          Ice            0%         1d1       100%        3
 Gell's Gravitas          Tloc           0%         N/A       100%        3
 Ignite Poison            Fire/Tmut/Pois 0%         N/A       100%        3
 Inner Flame              Hex/Fire       0%         N/A       100%        3
 Mephitic Cloud           Conj/Pois/Air  0%         N/A       100%        3
 Ozocubu's Armour         Ice            0%         N/A       100%        3
 Portal Projectile        Hex/Tloc       0%         N/A       100%        3
 Spider Form              Tmut/Pois      0%         N/A       100%        3
 Stone Arrow              Conj/Erth      0%         3d7       100%        3
 Summon Guardian Golem    Hex/Summ       0%         N/A       100%        3
 Swiftness                Air            0%         N/A       100%        3
 Teleport Other           Tloc           0%         N/A       100%        3
 Tukima's Dance           Hex            0%         N/A       100%        3
 Airstrike                Air            0%         2d(0-16)  100%        4
 Anguish                  Hex/Necr       0%         N/A       100%        4
 Animate Armour           Summ/Erth      0%         N/A       100%        4
 Cause Fear               Hex            0%         N/A       100%        4
 Dispel Undead            Necr           0%         3d6       100%        4
 Flame Wave               Conj/Fire      0%         2d4       100%        4
 Fulminant Prism          Conj/Hex       0%         3d6       100%        4
 Hailstorm                Conj/Ice       0%         3d3       100%        4
 Ice Form                 Ice/Tmut       0%         N/A       100%        4
 Leda's Liquefaction      Hex/Erth       0%         N/A       100%        4
 Passage of Golubria      Tloc           0%         N/A       100%        4
 Sticky Flame             Conj/Fire      0%         2d3       100%        4
 Summon Ice Beast         Ice/Summ       0%         N/A       100%        4
 Alistair's Intoxication  Tmut/Pois      0%         N/A       100%        5
 Blade Hands              Tmut           0%         N/A       100%        5
 Fireball                 Conj/Fire      0%         3d3       100%        5
 Freezing Cloud           Conj/Ice/Air   0%         6-21      100%        5
 Irradiate                Conj/Tmut      0%         3d11      100%        5
 Iskenderun's Battlesphe  Conj           0%         2d6       100%        5
 Lightning Bolt           Conj/Air       0%         1d11      100%        5
 Manifold Assault         Tloc           0%         N/A       100%        5
 Summon Forest            Summ/Tloc      0%         N/A       100%        5
 Summon Mana Viper        Hex/Summ       0%         N/A       100%        5
 Yara's Violent Unravell  Hex/Tmut       0%         3d3       100%        5
 Conjure Ball Lightning   Conj/Air       0%         3x3d6     100%        6
 Death Channel            Necr           0%         N/A       100%        6
 Dispersal                Tloc           0%         N/A       100%        6
 Iron Shot                Conj/Erth      0%         9d1       100%        6
 Starburst                Conj/Fire      0%         6d3       100%        6
 Summon Cactus Giant      Summ           0%         N/A       100%        6
 Dragon Form              Tmut           0%         N/A       100%        7
 Enfeeble                 Hex            0%         N/A       100%        7
 Haunt                    Necr/Summ      0%         N/A       100%        7
 Orb of Destruction       Conj           0%         9d5       100%        7
 Ozocubu's Refrigeration  Ice            0%         4d7       100%        7
 Spellforged Servitor     Conj/Summ      0%         N/A       100%        7
 Storm Form               Tmut/Air       0%         N/A       100%        7
 Summon Hydra             Summ           0%         N/A       100%        7
 Discord                  Hex            0%         N/A       100%        8
 Ignition                 Fire           0%         3d3       100%        8
 Infestation              Necr           0%         N/A       100%        8
 Lehudib's Crystal Spear  Conj/Erth      0%         10d2      100%        8
 Maxwell's Capacitive Co  Air            0%         ∞         100%        8
 Animate Dead             Necr           Unusable   N/A       N/A         4
 Corpse Rot               Necr/Pois/Air  Unusable   N/A       N/A         4

Dungeon Overview and Level Annotations

Branches:
Dungeon (15/15)            Temple (1/1) D:5            Lair (5/5) D:9
 Shoals (4/4) Lair:2        Snake (4/4) Lair:3        Slime (5/5) Lair:5
    Orc (2/2) D:12            Elf (3/3) Orc:2        Vaults (5/5) D:13
  Crypt (0/3) Vaults:2     Depths (4/4) D:15            Zot (3/5) Depths:4
 Bailey (visited)

Altars:
Ashenzari
Cheibriados
Dithmenos
Elyvilon
Fedhas
Gozag
Hepliaklqana
Kikubaaqudgha
Makhleb
Nemelex Xobeh
Okawaru
Qazlal
Ru
Sif Muna
Trog
Uskayaw
Vehumet
Wu Jian
Xom
Yredelemnul
Zin
The Shining One
Jiyva
Lugonu

Shops:
D:3 (   D:7 ?   Orc:2 ==?(   Elf:1 !?*[   Elf:2 (   Lair:3 =   Lair:4 [
Shoals:1 (*   Snake:3 :=:   Snake:4 [:   Vaults:1 ?*   Vaults:4 [   Depths:1 (

Portals:
Hell: Depths:1 Depths:2 Depths:3 Depths:4
Abyss: Lair:5 Depths:1 Depths:3
Pandemonium: Depths:2 Depths:3
Ziggurat: Depths:2

Annotations:
Lair:2 3 runed translucent doors, Fuivviy's ghost, journeyman PaAM
Shoals:3 Nikola
Elf:2 3 runed translucent doors
Zot:3 Parghit


Innate Abilities, Weirdness & Mutations

You have a pair of horns on your head.
You reflexively headbutt those who attack you in melee.
Your flesh is cold resistant. (rC+)
Armour fits poorly on your strangely shaped body.
Your body sometimes deteriorates upon taking damage.
Your magical capacity is low. (-10% MP)
You are somewhat resistant to further mutation.
You occasionally lose the ability to read scrolls when taking damage.


Message History

The purple draconian shifter blinks!
The green draconian hits you with a +0 dire flail.
The green draconian completely misses you.
The moth of wrath bites you!
The red draconian scorcher hits you with a +2 whip of venom!
You can move again.
Unknown command.
You feel very sick.
The black draconian hits you with a +0 halberd!
You block the green draconian monk's attack.
The green draconian monk completely misses you.
You block the green draconian monk's attack.
The green draconian monk tail-slaps you!
* * * LOW HITPOINT WARNING * * *
You block the green draconian's attack. The green draconian misses you.
The red draconian scorcher breathes fire at you.
The searing blast hits you. You resist.
* * * LOW HITPOINT WARNING * * *
The black draconian barely misses you. You block the moth of wrath's attack.
The purple draconian shifter gestures wildly while chanting.
The purple draconian shifter blinks!
The green draconian monk hits you but does no damage.
The green draconian monk closely misses you.
The green draconian monk tail-slaps you!
* * * LOW HITPOINT WARNING * * *
The green draconian monk misses you.
You block the red draconian scorcher's attack.
You climb upwards.
You feel very sick.
There is a stone staircase leading down, spattered with blood here.
Blink to where?
Press: ? - help, Dir - move target
As you read the scroll of blinking, it crumbles to dust.
You feel very sick.
The green draconian rages.
The red draconian scorcher points at you and mumbles some strange words.
The sphere of damnation explodes!
The damnation engulfs you!!!
You feel threatened and lose the ability to read scrolls!
You die...
Your body crumbles into a pile of gold.

..........# #d.q...#
..........# #qd....#
..........# #qy....#
..........# #......#
..........# #......#
..........# #......#
..........# #......#
..........# #......#
#'####'#### #@.....########
#.# #.#########.............#
#.# #.#...⌠...#.............#
#.####.#.#####.#.............#
.........# #.'.............#
#..###...# #.#.............#
#..# ###.# ###.(...........#
#..# #.# #.............# ##.#
#.# #####'#####'###


You could see a green draconian monk (berserk), a black draconian (berserk), a
red draconian scorcher and a moth of wrath.

Vanquished Creatures
  the Royal Jelly (Slime:5)
  2 ancient liches
  An orb of fire (Zot:1)
  Mennas (Depths:3)
  Vv (Depths:4)
  Vashnia (Snake:2)
  2 curse toes (Zot:2)
  Xtahua (Depths:3)
  A profane servitor (Abyss:2)
  10 golden dragons
  Jory (Depths:4)
  A bone dragon (Abyss:2)
  2 hellephants (Depths:2)
  Rupert (D:15)
  Jorgrun (Orc:2)
  3 liches
  19 tentacled monstrosities
  4 deep elf blademasters (Elf:3)
  7 titans
  5 quicksilver dragons
  3 deep elf master archers (Elf:3)
  34 acid blobs
  7 tentacled starspawn
  3 sphinxes
  7 death cobs
  Polyphemus (Shoals:2)
  9 shadow dragons
  A shadow dragon (shapeshifter) (Vaults:5)
  4 nagarajas (Snake:4)
  4 draconian monks
  16 rockslimes
  12 storm dragons
  Kirke (D:15)
  3 daevas (Depths:3)
  4 tengu reavers (Vaults:4)
  4 frost giants
  23 azure jellies
  3 fire giants
  2 orc warlords
  2 draconian knights
  A draconian scorcher (Zot:2)
  5 vault wardens
  4 deep elf sorcerers (Elf:3)
  Aizul (Snake:1)
  2 deep elf elementalists (Elf:3)
  3 cacodemons
  7 draconian shifters
  3 draconian stormcallers
  Louise (Depths:1)
  3 angels (Depths:3)
  22 quicksilver oozes
  7 very ugly things
  10 stone giants
  3 ironbound thunderhulks
  9 ironbound preservers
  6 deep elf demonologists
  3 vampire knights
  14 dire elephants
  Nessos (D:13)
  4 yellow draconians
  5 black draconians
  2 spark wasps (Depths:4)
  A lorocyproca (Abyss:2)
  3 white draconians
  11 purple draconians
  7 green draconians
  9 deep elf annihilators
  A red draconian (Zot:3)
  9 deep elf death magi
  Josephine (Lair:3)
  5 merfolk javelineers
  2 crystal guardians (Vaults:4)
  6 merfolk impalers
  8 ettins
  3 fire dragons
  5 yaktaur captains
  5 great orbs of eyes
  2 spriggan zombies
  A jiangshi (Abyss:2)
  29 vault guards
  7 deep elf high priests
  Fannar (Lair:1)
  8 ice dragons
  2 rakshasas
  3 boulder beetles
  6 hydras
  6 ogre magi
  2 peacekeepers
  A spriggan air mage (Depths:2)
  An alligator snapping turtle (Shoals:4)
  5 salamander tyrants
  7 anacondas
  2 merfolk aquamancers (Shoals:4)
  9 centaur warriors
  The ghost of hikkokomori the Frost Mage, a novice DrIE of Vehumet (D:9)
  A satyr (Shoals:3)
  6 two-headed ogres
  21 death yaks
  A catoblepas (Shoals:3)
  3 merfolk avatars
  19 naga warriors
  A vampire mage (Abyss:2)
  5 deep troll shamans
  9 dancing weapons
  6 deep troll earth magi
  7 hell hogs (Depths:2)
  2 tengu warriors (Depths:2)
  10 spriggan berserkers
  11 thrashing horrors
  2 orc high priests
  19 naga sharpshooters
  Nergalle (Orc:2)
  2 soul eaters
  13 shock serpents
  8 deep elf knights
  A sun demon (Depths:3)
  9 wretched stars
  A hell knight (Vaults:5)
  4 salamander mystics
  A shadow wraith (Vaults:4)
  6 iron trolls
  3 sixfirhies
  A fire crab (shapeshifter) (Vaults:5)
  A skeletal warrior (D:14)
  6 cherubim (Depths:3)
  16 starcursed masses
  9 sea snakes
  19 deep trolls
  8 naga ritualists
  2 glowing orange brains (Vaults:2)
  An orange crystal statue (Vaults:1)
  A flayed ghost (Depths:3)
  A steelbarb worm (shapeshifter) (D:15)
  2 anaconda skeletons
  25 deep elf zephyrmancers
  7 ironbound convokers
  21 mana vipers
  3 necromancers
  8 wizards
  3 phantasmal warriors (Vaults:4)
  8 lindwurms
  27 deep elf pyromancers
  10 deep elf archers
  13 orc knights
  18 harpies
  40 ugly things
  10 orc sorcerers
  A faun (Shoals:1)
  14 salamanders
  7 cyclopes
  76 slime creatures
  5 shining eyes
  46 black mambas
  A will-o-the-wisp (Abyss:3)
  15 moths of wrath
  A guardian serpent (shapeshifter) (Vaults:4)
  6 guardian serpents
  7 manticores
  An eye of devastation (Slime:4)
  13 vault sentinels
  7 water nymphs
  A rust devil (Depths:3)
  7 merfolk sirens
  A worldbinder (Abyss:2)
  Joseph (Lair:1)
  20 naga magi
  10 smoke demons
  2 torpor snails (Lair:2)
  2 black mambas (shapeshifter)
  2 gargoyles
  4 orange demons
  An apocalypse crab (Abyss:3)
  Psyche (D:8)
  22 cane toads
  A torpor snail (shapeshifter) (Vaults:5)
  A hellion (Abyss:2)
  2 kobold demonologists (D:12)
  2 unseen horrors
  3 rime drakes
  2 hellwings
  13 komodo dragons
  2 demonic crawlers
  2 freezing wraiths
  2 guardian mummies (D:14)
  An ice devil (Depths:3)
  13 yaktaurs
  4 meliai (Abyss:3)
  9 trolls
  A queen bee (Abyss:3)
  7 ancient zymes
  A troll (shapeshifter) (D:15)
  6 hornets
  25 merfolk
  3 wind drakes
  Prince Ribbit (D:5)
  Grinder (D:5)
  A polar bear (Lair:1)
  12 blink frogs
  A harpy skeleton (Abyss:3)
  5 snapping turtles
  A tarantella (shapeshifter) (Lair:5)
  A tyrant leech (shapeshifter) (Vaults:5)
  12 large abominations
  16 raiju
  8 dream sheep
  A spriggan (shapeshifter) (Elf:2)
  Sigmund (D:8)
  3 air elementals
  5 wraiths
  8 ynoxinuls
  A centaur simulacrum (D:15)
  5 spriggans
  42 yaks
  A hog (D:15)
  7 basilisks
  11 water elementals
  2 golden eyes
  21 humans (D:13)
  5 wyverns
  Grum (Lair:1)
  13 neqoxecs
  6 chaos spawn
  6 vampire mosquitoes (D:12)
  8 wargs
  2 acid dragons
  45 nagas
  Duvessa (D:4)
  A floating eye (Depths:3)
  21 water moccasins
  2 hell hounds (Abyss:3)
  A sky beast (shapeshifter) (D:14)
  2 sky beasts
  11 ogres
  29 orc warriors
  4 black bears
  4 boggarts (Vaults:1)
  An ice beast (D:7)
  17 wolves
  10 centaurs
  4 kobold brigands
  15 bullfrogs
  A necrophage (D:7)
  8 gnoll sergeants
  7 scorpions
  2 earth elementals
  8 wights (D:7)
  21 small abominations
  Dowan (D:4)
  3 killer bees (D:10)
  A killer bee (shapeshifter) (Abyss:2)
  4 electric eels
  4 howler monkeys
  15 jellies
  A crimson imp (Abyss:2)
  5 quasits
  3 hounds
  9 orc priests
  3 iron imps
  3 iguanas
  27 orc wizards
  4 hell rats (Lair:3)
  34 gnolls
  13 adders
  A shadow imp (Abyss:4)
  6 white imps
  2 ufetubi
  3 worms
  4 dart slugs
  88 orcs
  7 bats
  7 endoplasms
  A giant cockroach (D:4)
  9 goblins
  5 hobgoblins
  3 jackals (D:3)
  2 quokkas (D:3)
  12 ball pythons
  3 frilled lizards
  17 kobolds
  4 rats
  2 starspawn tentacles (Abyss:4)
2028 creatures vanquished.

Vanquished Creatures (collateral kills)
  A dread lich (Vaults:4)
  Saint Roka (Vaults:4)
  A titan (Vaults:4)
  A sphinx (Vaults:2)
  A shadow dragon (Vaults:4)
  A tengu reaver (Vaults:4)
  3 vault wardens (Vaults:4)
  3 ironbound preservers
  3 ironbound thunderhulks
  A vampire knight (Vaults:2)
  A deep elf annihilator (Vaults:4)
  A dire elephant (Vaults:4)
  2 yaktaur captains
  3 rakshasas (Vaults:4)
  A deep elf high priest (Vaults:4)
  A great orb of eyes (Vaults:3)
  2 vault guards (Vaults:4)
  4 ironbound frosthearts
  An ogre mage (Vaults:4)
  4 centaur warriors (Vaults:2)
  A vampire mage (Vaults:2)
  7 deep trolls
  A naga ritualist (Snake:1)
  3 wizards
  A glowing orange brain (Vaults:4)
  A necromancer (Vaults:3)
  A phantasmal warrior (Vaults:2)
  A harpy (Vaults:2)
  4 ironbound convokers
  5 ugly things
  6 vault sentinels
  A black mamba (Snake:1)
  2 naga magi (Snake:1)
  A freezing wraith (Vaults:2)
  13 yaktaurs
  2 trolls (Vaults:4)
  5 slime creatures
  A warg (Vaults:4)
  3 nagas (Snake:1)
  An orc warrior (Vaults:4)
  A boggart (Vaults:4)
  An orc priest (Vaults:4)
  3 orcs (Vaults:4)
101 creatures vanquished.

Vanquished Creatures (others)
  Boris (Vaults:3)
  Margery (Vaults:4)
  A cacodemon (Abyss:2)
  A vault warden (Vaults:1)
  A fire giant (Depths:4)
  2 ironbound preservers
  2 ironbound thunderhulks
  A yaktaur captain (Vaults:2)
  2 great orbs of eyes (Vaults:1)
  A deep elf high priest (Vaults:4)
  2 centaur warriors (Vaults:3)
  A thrashing horror (Abyss:2)
  A deep elf knight (Vaults:5)
  4 hell knights
  8 deep trolls
  A necromancer (Vaults:3)
  2 wizards
  A vault sentinel (Vaults:2)
  A naga mage (Snake:2)
  7 yaktaurs
  A naga (Snake:2)
  An orc warrior (Elf:3)
  A boggart (Vaults:4)
  An orc wizard (Orc:2)
  A white imp (Abyss:2)
  2 orcs (Vaults:5)
  A kobold (D:11)
  A bush (Lair:5)
  9 foxfires (Abyss:3)
  70 fungi
  97 plants
  20 starspawn tentacles
246 creatures vanquished.

Grand Total: 2375 creatures vanquished

Notes
Turn   | Place    | Note
-------+----------+-------------------------------------------
     0 | D:1      | corgi the Minotaur Fighter began the quest for the Orb.
     0 | D:1      | Reached XP level 1. HP: 19/19 MP: 0/0
    90 | D:1      | Reached XP level 2. HP: 27/27 MP: 1/1
   158 | D:1      | Reached skill level 1 in Dodging
   377 | D:1      | Reached XP level 3. HP: 33/33 MP: 2/2
  1415 | D:2      | Reached XP level 4. HP: 32/41 MP: 3/3
  1909 | D:3      | Noticed a scorpion
  1956 | D:3      | Killed a scorpion
  1957 | D:3      | Reached XP level 5. HP: 46/47 MP: 4/4
  2092 | D:3      | Reached skill level 5 in Armour
  2190 | D:3      | Reached skill level 5 in Fighting
  2376 | D:3      | Found Osegann's Antique Weapon Shoppe.
  2820 | D:4      | Found a broken altar of Ashenzari.
  2833 | D:4      | Reached XP level 6. HP: 56/56 MP: 5/5
  2859 | D:4      | Noticed a yak
  2859 | D:4      | Noticed a yak
  2859 | D:4      | Noticed Duvessa
  2860 | D:4      | Noticed a yak
  2905 | D:4      | Killed a yak
  2906 | D:4      | Reached skill level 5 in Polearms
  2959 | D:4      | Noticed Dowan
  2976 | D:4      | Killed Duvessa
  2977 | D:4      | Reached XP level 7. HP: 48/61 MP: 6/6
  2990 | D:4      | Killed Dowan
  3071 | D:4      | Found a sparkling altar of Nemelex Xobeh.
  3072 | D:4      | Found an opulent altar of Gozag.
  3082 | D:4      | Became a worshipper of Gozag Ym Sagoz the Greedy
  3464 | D:5      | Entered Level 5 of the Dungeon
  3471 | D:5      | Found a white marble altar of Elyvilon.
  3565 | D:5      | Found a staircase to the Ecumenical Temple.
  3586 | D:5      | Reached skill level 5 in Shields
  3897 | D:5      | Reached XP level 8. HP: 70/70 MP: 7/7
  4158 | D:5      | Gained mutation: You are partially covered in large bone
                  | plates. (SH +4) [potion of mutation]
  4313 | D:5      | Noticed Prince Ribbit
  4344 | D:5      | Killed Prince Ribbit
  4611 | D:5      | Noticed Grinder
  4630 | D:5      | Killed Grinder
  4896 | Temple   | Entered the Ecumenical Temple
  5262 | D:5      | HP: 1/73 [yak (11)]
  5703 | D:5      | Reached XP level 9. HP: 70/79 MP: 8/8
  5930 | D:3      | Bought a runed spear for 168 gold pieces
  6653 | D:6      | Found an ornate altar of the Wu Jian Council.
  6765 | D:6      | Reached skill level 10 in Polearms
  6914 | D:7      | Found Nagafavo's Magic Scroll Shop.
  7684 | D:7      | You fall into a shaft and drop 1 floor!
  7718 | D:8      | Noticed Psyche
  7738 | D:8      | Reached XP level 10. HP: 65/90 MP: 9/9
  8197 | D:8      | Killed Psyche
  8323 | D:7      | Found a shimmering blue altar of Sif Muna.
  9162 | D:8      | Found a sacrificial altar of Ru.
  9678 | D:8      | Noticed Sigmund
  9701 | D:8      | Killed Sigmund
 10244 | D:9      | Found a glowing silver altar of Zin.
 10342 | D:9      | Noticed a six-headed hydra
 10376 | D:9      | Killed a six-headed hydra
 10603 | D:9      | Identified a scroll of acquirement
 10604 | D:9      | Acquired 663 gold pieces
 10742 | D:9      | Found a staircase to the Lair.
 10785 | D:9      | Found a runed translucent door.
 10785 | D:9      | Found a shimmering altar of Xom.
 10785 | D:9      | Noticed a +1 war axe of chaos
 10785 | D:9      | Noticed hikkokomori's ghost (novice DrIE)
 10830 | D:9      | Found an ancient bone altar of Kikubaaqudgha.
 10895 | D:9      | Found a basalt altar of Yredelemnul.
 10977 | Lair:1   | Entered Level 1 of the Lair of Beasts
 10996 | Lair:1   | Noticed a black mamba
 11008 | Lair:1   | Killed a black mamba
 11009 | Lair:1   | Reached skill level 10 in Armour
 11162 | Lair:1   | Reached skill level 10 in Fighting
 11162 | Lair:1   | Reached XP level 11. HP: 94/99 MP: 3/10
 11364 | Lair:1   | Noticed Fannar
 11383 | Lair:1   | Killed Fannar
 11843 | Lair:1   | Noticed Joseph
 11875 | Lair:1   | Killed Joseph
 12110 | Lair:1   | Reached skill level 10 in Shields
 12520 | Lair:1   | Noticed Grum
 12533 | Lair:1   | Killed Grum
 13252 | Lair:2   | Noticed an eight-headed hydra
 13276 | Lair:2   | Killed an eight-headed hydra
 13607 | Lair:2   | Noticed a death yak
 13607 | Lair:2   | Noticed a death yak
 13607 | Lair:2   | Noticed a death yak
 13607 | Lair:2   | Noticed a death yak
 13608 | Lair:2   | Noticed a death yak
 13636 | Lair:2   | Killed a death yak
 13670 | Lair:2   | Killed a death yak
 13672 | Lair:2   | Killed a death yak
 13673 | Lair:2   | Reached XP level 12. HP: 90/110 MP: 3/11
 13685 | Lair:2   | Killed a death yak
 13699 | Lair:2   | Noticed a death yak
 13710 | Lair:2   | Killed a death yak
 13734 | Lair:2   | HP: 1/110 [komodo dragon (17)]
 14209 | Lair:2   | Reached skill level 15 in Polearms
 14273 | Lair:2   | Noticed Fuivviy's ghost (journeyman PaAM)
 14543 | Lair:2   | Found a runed translucent gate.
 14543 | Lair:2   | Found a runed translucent gate.
 14543 | Lair:2   | Found a runed translucent gate.
 14825 | Lair:2   | Killed a death yak
 14846 | Lair:2   | Found a staircase to the Shoals.
 14942 | Lair:2   | Found a snail-covered altar of Cheibriados.
 15559 | Lair:3   | Noticed Josephine
 15573 | Lair:3   | Killed Josephine
 16215 | Lair:3   | Found a staircase to the Snake Pit.
 16301 | Lair:3   | Reached skill level 5 in Dodging
 16540 | Lair:3   | Noticed a death yak
 16540 | Lair:3   | Noticed a death yak
 16540 | Lair:3   | Noticed a death yak
 16540 | Lair:3   | Noticed a death yak
 16565 | Lair:3   | Killed a death yak
 16630 | Lair:3   | Reached XP level 13. HP: 119/119 MP: 4/12
 18497 | Lair:4   | Bought a bloodstained robe for 148 gold pieces
 18497 | Lair:4   | Identified the +1 robe of Sin {rC+} (You bought it in a
                  | shop on level 4 of the Lair of Beasts)
 18497 | Lair:4   | Bought an embroidered cloak for 195 gold pieces
 18497 | Lair:4   | Bought a shiny plate armour for 676 gold pieces
 18497 | Lair:4   | Bought a glowing plate armour for 676 gold pieces
 18879 | Lair:5   | Entered Level 5 of the Lair of Beasts
 20276 | Lair:5   | Found a staircase to the Slime Pits.
 20276 | Lair:5   | Found a viscous altar of Jiyva.
 20356 | Lair:5   | Reached XP level 14. HP: 117/133 MP: 4/13
 21302 | Lair:5   | Reached skill level 1 in Stealth
 21636 | Lair:5   | Found a corrupted altar of Lugonu.
 21636 | Lair:5   | Found a one-way gate to the infinite horrors of the Abyss.
 21775 | Snake:1  | Entered Level 1 of the Snake Pit
 21793 | Lair:3   | Bought an amulet of reflection for 420 gold pieces
 21793 | Lair:3   | Bought the ring "Hidom" {rPois rN+ Str+3 SInv} for 513 gold
                  | pieces
 21863 | Snake:1  | Reached skill level 15 in Armour
 21896 | Snake:1  | Reached skill level 15 in Fighting
 22033 | Snake:1  | Found a glowing golden altar of the Shining One.
 22193 | Snake:1  | Identified the +7 flail "Undertaker" {spect, Contam rF+++
                  | rC- rN+++}
 22584 | Snake:1  | Noticed Aizul
 22616 | Snake:1  | Reached skill level 10 in Dodging
 23492 | Snake:1  | Killed Aizul
 23715 | Snake:2  | Reached skill level 5 in Stealth
 24500 | Snake:2  | Noticed Vashnia
 24694 | Snake:2  | Reached XP level 15. HP: 143/143 MP: 4/14
 24891 | Snake:2  | Killed Vashnia
 25302 | Snake:2  | Found an ancient bone altar of Kikubaaqudgha.
 26252 | Snake:3  | Found Joagepul's Book Emporium.
 26262 | Snake:3  | Found Istriro's Jewellery Boutique.
 26263 | Snake:3  | Found Asawn's Book Emporium.
 28410 | Snake:4  | Entered Level 4 of the Snake Pit
 28464 | Snake:4  | Found Hiuj's Book Shoppe.
 28464 | Snake:4  | Found Behiutri's Antique Armour Emporium.
 29229 | Snake:4  | Noticed a nagaraja
 29245 | Snake:4  | Killed a nagaraja
 29267 | Snake:4  | Reached XP level 16. HP: 132/154 MP: 5/15
 30967 | Snake:4  | Got a serpentine rune of Zot
 31535 | Shoals:1 | Entered Level 1 of the Shoals
 31699 | D:9      | Killed hikkokomori's ghost
 31741 | D:10     | Entered Level 10 of the Dungeon
 32008 | D:3      | Bought a runed sling for 126 gold pieces
 32181 | D:10     | Found a flagged portal.
 32200 | Bailey   | Entered a bailey
 32543 | Bailey   | Reached skill level 1 in Ranged Weapons
 33396 | D:11     | Identified the +4 ring mail of Rotation {Rampage *Corrode
                  | rPois Stlth-}
 33507 | D:11     | Reached skill level 5 in Ranged Weapons
 33507 | D:11     | Reached XP level 17. HP: 163/163 MP: 5/16
 34317 | D:12     | Found a staircase to the Orcish Mines.
 34387 | Orc:1    | Entered Level 1 of the Orcish Mines
 34472 | Orc:2    | Entered Level 2 of the Orcish Mines
 34478 | Orc:2    | Noticed Jorgrun
 34528 | Orc:2    | Killed Jorgrun
 34742 | Orc:2    | Reached XP level 18. HP: 77/169 MP: 5/17
 35023 | Orc:2    | Found a radiant altar of Vehumet.
 35030 | Orc:2    | Found Hibekk's Magic Scroll Emporium.
 35059 | Orc:2    | Noticed Nergalle
 35082 | Orc:2    | Killed Nergalle
 35095 | Orc:2    | Found Guel's Jewellery Shoppe.
 35177 | Orc:2    | Found an ancient bone altar of Kikubaaqudgha.
 35215 | Orc:2    | Found Gafoloales's Jewellery Shoppe.
 35263 | Orc:2    | Found Yqa Guem's Antique Weapon Shoppe.
 35270 | Orc:2    | Bought a sapphire whip for 225 gold pieces
 35270 | Orc:2    | Identified the +9 whip of Hairy Blind Justice {vorpal,
                  | +Blink rElec Str-4 Int-4 Dex+7} (You bought it in a shop on
                  | level 2 of the Orcish Mines)
 35481 | Orc:2    | Found a staircase to the Elven Halls.
 35596 | Elf:1    | Entered Level 1 of the Elven Halls
 35640 | Elf:1    | Paralysed by an air elemental for 1 turns
 35956 | Elf:1    | Found Woxij's Antique Armour Shoppe.
 35961 | Elf:1    | Bought a pair of embroidered boots for 172 gold pieces
 36035 | Elf:1    | Reached skill level 15 in Shields
 36189 | Elf:1    | Found Teur's Assorted Antiques.
 36198 | Elf:1    | Bought a scroll of teleportation for 132 gold pieces
 36198 | Elf:1    | Bought a scroll of identify for 88 gold pieces
 36198 | Elf:1    | Bought a potion of curing for 132 gold pieces
 36199 | Elf:1    | Found Keipob's Distillery.
 36434 | Elf:1    | Bought 2 potions of might for 104 gold pieces
 36434 | Elf:1    | Bought a potion of might for 52 gold pieces
 36442 | Elf:1    | Found Ybenosidak's Magic Scroll Emporium.
 36445 | Elf:1    | Bought a scroll of magic mapping for 142 gold pieces
 36457 | Elf:1    | Bought a scroll of blinking for 142 gold pieces
 37656 | Snake:3  | Bought the ring "Wuntaevoph" {Fly Str+6} for 856 gold
                  | pieces
 37761 | Shoals:1 | Found Ufogevo's Antique Weapon Boutique.
 37788 | Shoals:1 | Bought a runed spear for 150 gold pieces
 37890 | Shoals:1 | Found Luefe's CLEARANCE SALE!.
 37987 | Shoals:1 | Bought a potion of heal wounds for 25 gold pieces
 37987 | Shoals:1 | Bought a piece from Xom's chessboard (15/15) for 100 gold
                  | pieces
 38024 | Shoals:1 | Identified the +10 flail of Ashenzari, Gnashing {freeze,
                  | rF+}
 38680 | Shoals:2 | Found a flickering gateway to a bazaar.
 38687 | Bazaar   | Entered a bazaar
 38687 | Bazaar   | Found Igaum's General Store.
 38687 | Bazaar   | Found Hyproceto's Book Shop.
 38687 | Bazaar   | Found Oroefiutziko's Magic Scroll Shop.
 38700 | Bazaar   | Bought a scroll of blinking for 60 gold pieces
 38700 | Bazaar   | Bought a scroll of identify for 16 gold pieces
 38700 | Bazaar   | Bought a scroll of identify for 16 gold pieces
 38700 | Bazaar   | Bought a scroll of identify for 16 gold pieces
 38700 | Bazaar   | Bought a scroll of identify for 16 gold pieces
 38702 | Bazaar   | Bought a potion of curing for 45 gold pieces
 39612 | Shoals:4 | Entered Level 4 of the Shoals
 39629 | Shoals:4 | Found Ovonkol's Antique Armour Shop.
 40297 | Shoals:4 | Got a barnacled rune of Zot
 40832 | Shoals:3 | Noticed Polyphemus
 40838 | Shoals:3 | Noticed Nikola
 40917 | Shoals:2 | Killed Polyphemus
 41005 | Shoals:3 | Reached XP level 19. HP: 168/183 MP: 6/18
 41784 | Elf:2    | Found Fissaly's Antique Weapon Shop.
 41819 | Elf:2    | Reached skill level 10 in Ranged Weapons
 42141 | Elf:2    | Found a runed translucent gate.
 42144 | Elf:2    | Found a runed translucent gate.
 42144 | Elf:2    | Found a runed translucent gate.
 42247 | Elf:3    | Entered Level 3 of the Elven Halls
 42305 | Elf:3    | Found a flickering gateway to a bazaar.
 42310 | Bazaar   | Entered a bazaar
 42331 | Bazaar   | Found Qemecs's Jewellery Shoppe.
 42339 | Bazaar   | Bought the amulet of the Voivode {Reflect -Tele rF+ Dex+5
                  | SH+5} for 712 gold pieces
 42350 | Bazaar   | Found Nemuub's Book Shoppe.
 42350 | Bazaar   | Found Jauwk's Weapon Emporium.
 42372 | Bazaar   | Found Qoashrud's Armour Emporium.
 42401 | Bazaar   | Bought the +4 plate armour of Uclooxoxt {Will+} for 556
                  | gold pieces
 42415 | Bazaar   | Bought the +8 lance "Wyrmbane" {slay drac, rPois rF+ rC+
                  | AC+3} for 1212 gold pieces
 42415 | Bazaar   | Found the +8 lance "Wyrmbane" {slay drac, rPois rF+ rC+
                  | AC+3}
 43027 | Elf:3    | Identified the ring of Stoicism {rCorr Dex+6}
 44006 | Elf:3    | Identified the ring of Keunk {rElec Str+3 Dex+6 SInv}
 44129 | Elf:3    | Identified the ring of Res Nullius {Str+6 Int+4 Dex+2}
 44144 | Elf:3    | Identified the +4 plate armour of Niugg {Rampage +Inv}
 44243 | Elf:3    | Identified the +8 demon blade "Noczoadd" {pain, rC+ rN++
                  | Dex-4 Stlth+}
 44243 | Elf:3    | Identified the +2 buckler of the Vaults {Harm rC++}
 44251 | Elf:3    | Identified the +3 halberd "Leviticus" {drain, rF++}
 44387 | Elf:3    | Identified the +4 falchion of Patterns {vorpal, Fragile
                  | Will- Str+6 Int+4}
 44388 | Elf:3    | Identified the +5 long sword "Yshrig" {drain, Str+3 SInv}
 44393 | Elf:3    | Identified the amulet of Nilaesku {Reflect Int+6 SH+5}
 44434 | Elf:3    | Identified the +4 trident "Wedost" {vamp, rElec Will+
                  | rCorr}
 45059 | Lair:5   | Voluntarily entered the Abyss.
 45059 | Abyss:1  | Found a corrupted altar of Lugonu.
 45274 | Abyss:2  | Noticed a profane servitor
 45353 | Abyss:2  | Killed a profane servitor
 45461 | Abyss:2  | Found a stormy altar of Qazlal.
 45545 | Abyss:2  | Paralysed by a great orb of eyes for 3 turns
 45897 | Abyss:2  | Gained mutation: Your body sometimes deteriorates upon
                  | taking damage. [a neqoxec]
 46054 | Abyss:2  | Gained mutation: Your body often deteriorates upon taking
                  | damage. [a cacodemon]
 46223 | Abyss:2  | Noticed a bone dragon
 46767 | Abyss:2  | Reached XP level 20. HP: 154/195 MP: 19/19
 47019 | Abyss:2  | Noticed a bone dragon
 47019 | Abyss:2  | Noticed a bone dragon
 47199 | Abyss:2  | Killed a bone dragon
 47631 | Abyss:3  | Noticed a bone dragon
 47688 | Abyss:3  | Found a corrupted altar of Lugonu.
 47888 | Abyss:3  | Gained mutation: You occasionally shout uncontrollably at
                  | your foes. [a neqoxec]
 47956 | Abyss:3  | Noticed a bone dragon
 48203 | Abyss:3  | Got an abyssal rune of Zot
 48292 | Abyss:3  | Noticed a bone dragon
 48293 | Abyss:3  | Paralysed by accursed screaming for 2 turns
 48318 | Abyss:3  | Found a corrupted altar of Lugonu.
 48447 | Abyss:3  | Found a corrupted altar of Lugonu.
 48593 | Abyss:3  | Found a corrupted altar of Lugonu.
 48675 | Abyss:3  | Found a corrupted altar of Lugonu.
 48697 | Lair:5   | Escaped the Abyss
 50181 | D:13     | Noticed Nessos
 50197 | D:13     | Killed Nessos
 50302 | D:13     | Identified the +1 robe "Zefuvo" {rPois rN+}
 50950 | D:13     | Found a gate to the Vaults.
 51388 | D:14     | Identified the +6 war axe of Ashenzari's Hope {vorpal,
                  | rPois Stlth+}
 51582 | D:14     | Identified the +2 scale mail of Jooqivut {-Tele rPois
                  | Slay+2}
 51993 | D:14     | Found a portal to a secret trove of treasure.
 52173 | D:15     | Entered Level 15 of the Dungeon
 52262 | D:15     | Found a staircase to the Depths.
 52618 | D:15     | Noticed Rupert
 52632 | D:15     | Killed Rupert
 52742 | D:15     | Noticed Kirke
 52794 | D:15     | Killed Kirke
 53142 | Depths:1 | Entered Level 1 of the Depths
 53376 | Depths:1 | Found Ohuace's Antique Weapon Emporium.
 53705 | Depths:1 | Found a gateway to Hell.
 54043 | Depths:1 | Noticed Louise
 54064 | Depths:1 | Killed Louise
 54871 | Abyss:3  | Cast into level 3 of the Abyss (a wizard)
 54891 | Abyss:3  | Gained mutation: You are clumsy. (Dex -2) [a neqoxec]
 54907 | Abyss:3  | Gained mutation: Your spells are a little easier to cast,
                  | but a little less powerful. [a neqoxec]
 55027 | Abyss:3  | Found a corrupted altar of Lugonu.
 55372 | Abyss:4  | Reached XP level 21. HP: 199/205 MP: 20/20
 55416 | Abyss:4  | Paralysed by accursed screaming for 1 turns
 55430 | Abyss:4  | Found a corrupted altar of Lugonu.
 55453 | Depths:2 | Escaped the Abyss
 55736 | Vaults:1 | Entered Level 1 of the Vaults
 55888 | Vaults:1 | Found Rixiptun's Assorted Antiques.
 55896 | Vaults:1 | Bought a runed demon trident for 810 gold pieces
 57183 | Vaults:1 | Found Piubrona's Magic Scroll Boutique.
 57193 | Vaults:1 | Bought a scroll of teleportation for 42 gold pieces
 57193 | Vaults:1 | Bought a scroll of teleportation for 42 gold pieces
 57193 | Vaults:1 | Bought a scroll of magic mapping for 105 gold pieces
 57193 | Vaults:1 | Bought a scroll of magic mapping for 105 gold pieces
 57193 | Vaults:1 | Bought a scroll of teleportation for 42 gold pieces
 57905 | Vaults:2 | You fall into a shaft and drop 1 floor!
 58011 | Vaults:3 | Noticed Boris
 58404 | Vaults:3 | Noticed Margery
 58697 | Vaults:3 | Killed Boris
 58778 | Vaults:3 | Reached skill level 15 in Dodging
 59503 | Vaults:2 | Found a staircase to the Crypt.
 60752 | Vaults:4 | Noticed Saint Roka
 60774 | Vaults:4 | Killed Saint Roka
 61076 | Vaults:4 | Reached XP level 22. HP: 209/217 MP: 21/21
 61647 | Vaults:4 | Noticed a dread lich
 61681 | Vaults:4 | Found a shimmering blue altar of Sif Muna.
 61685 | Vaults:4 | Found a transporter.
 61815 | Vaults:4 | Killed a dread lich
 61817 | Vaults:4 | Your ally Margery died
 62108 | Vaults:4 | Identified the +0 hat of the Trombone {Harm Will+}
 62146 | Vaults:4 | Found a transporter.
 62399 | Vaults:5 | Entered Level 5 of the Vaults
 62399 | Vaults:5 | Noticed a golden dragon
 63574 | Vaults:5 | Noticed a caustic shrike
 63574 | Vaults:5 | a fenstrider witch changed into a caustic shrike
 63584 | Vaults:5 | Noticed a golden dragon
 63586 | Vaults:5 | Noticed a golden dragon
 63586 | Vaults:5 | a caustic shrike changed into a golden dragon
 63591 | Vaults:5 | a golden dragon changed into a shadow dragon
 63611 | Vaults:5 | Noticed a golden dragon
 63902 | Vaults:4 | Bought a pitted plate armour for 728 gold pieces
 63902 | Vaults:4 | Identified the +9 plate armour "Gemafihe" {rN+ Str+3 Dex-3
                  | Stlth+} (You bought it in a shop on level 4 of the Vaults)
 64309 | Vaults:4 | Killed a golden dragon
 64373 | Vaults:4 | Killed a golden dragon
 66098 | Vaults:5 | Noticed an ancient lich
 66779 | Vaults:5 | Reached XP level 23. HP: 70/229 MP: 7/22
 66793 | Vaults:4 | Killed an ancient lich
 67740 | Vaults:5 | Noticed an ancient lich
 67758 | Vaults:5 | Killed an ancient lich
 67955 | Vaults:5 | Identified the +10 whip "Cuushysto" {antimagic, rC++}
 67958 | Vaults:5 | Got a silver rune of Zot
 68347 | Vaults:5 | Identified the ring "Urghiyt" {MP+9 Str+4}
 68363 | Vaults:5 | Identified the +0 robe of the Unseen Realm {rF+ Will++
                  | rCorr Dex+4}
 68604 | Vaults:5 | Identified the -1 helmet of Starshine {Harm +Inv rPois}
 68612 | Vaults:5 | Identified the +3 dagger "Lomuhamm" {venom, Will- Str+3
                  | Dex+6}
 68613 | Vaults:5 | Identified the +1 spear of Drought {elec, Int+2 Stlth+}
 69679 | Depths:2 | Found a glowing golden altar of the Shining One.
 70063 | Depths:2 | Found a one-way gate leading to the halls of Pandemonium.
 70131 | Depths:2 | Found a one-way gateway to a ziggurat.
 70853 | Depths:3 | Gained mutation: You are dopey. (Int -2) [a neqoxec]
 70994 | Depths:3 | Noticed Xtahua
 70995 | Depths:3 | Found a flickering gateway to a bazaar.
 71004 | Depths:3 | Killed Xtahua
 71013 | Bazaar   | Entered a bazaar
 71013 | Bazaar   | Found Bipt's Distillery.
 71092 | Bazaar   | Found Mynoxus's Magic Scroll Shop.
 71098 | Bazaar   | Found Lorramoc's Jewellery Shoppe.
 71106 | Bazaar   | Found Newnost's Book Shoppe.
 71122 | Bazaar   | Bought the ring of Yghygos {rN+ Str+6 SInv} for 514 gold
                  | pieces
 71130 | Bazaar   | Bought a scroll of identify for 18 gold pieces
 71130 | Bazaar   | Bought a scroll of identify for 18 gold pieces
 71130 | Bazaar   | Bought a scroll of teleportation for 27 gold pieces
 71130 | Bazaar   | Bought a scroll of magic mapping for 67 gold pieces
 71130 | Bazaar   | Bought a scroll of identify for 18 gold pieces
 71130 | Bazaar   | Bought a scroll of enchant armour for 67 gold pieces
 71130 | Bazaar   | Bought a scroll of enchant armour for 67 gold pieces
 71130 | Bazaar   | Bought a scroll of identify for 18 gold pieces
 71141 | Bazaar   | Bought a potion of resistance for 160 gold pieces
 71141 | Bazaar   | Bought a potion of curing for 48 gold pieces
 71141 | Bazaar   | Bought a potion of curing for 48 gold pieces
 71747 | Depths:3 | Found a shadowy altar of Dithmenos.
 72384 | Depths:3 | Found a glowing silver altar of Zin.
 72384 | Depths:3 | Noticed Mennas
 72417 | Depths:3 | Killed Mennas
 72564 | Depths:3 | Identified the +10 halberd of the Thing {spect, Str+2
                  | Dex+5}
 73015 | Depths:4 | Entered Level 4 of the Depths
 73101 | Depths:4 | Found a gate to the Realm of Zot.
 73168 | Depths:4 | Reached XP level 24. HP: 245/245 MP: 22/22
 73190 | Depths:4 | Noticed Jory
 73221 | Depths:4 | Killed Jory
 73615 | Depths:4 | Found an ancient bone altar of Kikubaaqudgha.
 73644 | Depths:4 | Found a radiant altar of Vehumet.
 73776 | Depths:4 | Noticed Vv
 73825 | Depths:4 | Killed Vv
 74236 | Slime:1  | Entered Level 1 of the Pits of Slime
 74772 | Slime:3  | Lost mutation: You are clumsy. (Dex -2) [a shining eye]
 74881 | Slime:3  | Gained mutation: You are weak. (Str -2) [a shining eye]
 75138 | Slime:5  | Entered Level 5 of the Pits of Slime
 75460 | Slime:5  | Gained mutation: Your spells are easier to cast, but less
                  | powerful. [a shining eye]
 75463 | Slime:5  | Gained mutation: You occasionally lose the ability to read
                  | scrolls when taking damage. [a shining eye]
 75614 | Slime:5  | Gained mutation: You occasionally lose the ability to drink
                  | potions when taking damage. [a shining eye]
 75615 | Slime:5  | Gained mutation: You are occasionally teleported next to
                  | monsters. [a shining eye]
 75723 | Slime:5  | Found a viscous altar of Jiyva.
 75724 | Slime:5  | Noticed the Royal Jelly
 76560 | Slime:5  | Found the +7 lajatang of Order {silver, rMut}
 76561 | Slime:5  | Found the +3 pair of mountain boots {steadfast, rC+}
 76690 | Slime:3  | Gained mutation: You are very weak. (Str -4) [a shining
                  | eye]
 78771 | Slime:5  | Killed the Royal Jelly
 79566 | Slime:5  | Identified the ring of Xom's Capriciousness {rC+ Str+4
                  | Int-2 Dex+2 SInv}
 79666 | Slime:5  | Got a slimy rune of Zot
 79672 | Slime:5  | Identified the +10 war axe of Qazlal, Summoning {spect,
                  | SInv}
 79983 | Lair:3   | Lost mutation: Your spells are easier to cast, but less
                  | powerful. [potion of mutation]
 79983 | Lair:3   | Lost mutation: You are occasionally teleported next to
                  | monsters. [potion of mutation]
 79983 | Lair:3   | Lost mutation: You occasionally lose the ability to drink
                  | potions when taking damage. [potion of mutation]
 79983 | Lair:3   | Gained mutation: Your flesh is heat resistant. (rF+)
                  | [potion of mutation]
 79983 | Lair:3   | Gained mutation: You have large cloven feet. [potion of
                  | mutation]
 80091 | Snake:2  | Lost mutation: You are dopey. (Int -2) [potion of mutation]
 80091 | Snake:2  | Lost mutation: You are very weak. (Str -4) [potion of
                  | mutation]
 80091 | Snake:2  | Gained mutation: You are agile. (Dex +4, Str/Int -1)
                  | [potion of mutation]
 80091 | Snake:2  | Lost mutation: You are weak. (Str -2) [potion of mutation]
 80144 | Snake:2  | Lost mutation: You occasionally lose the ability to read
                  | scrolls when taking damage. [potion of mutation]
 80144 | Snake:2  | Lost mutation: You have large cloven feet. [potion of
                  | mutation]
 80144 | Snake:2  | Gained mutation: You occasionally lose the ability to read
                  | scrolls when taking damage. [potion of mutation]
 80144 | Snake:2  | Gained mutation: Your flesh is cold resistant. (rC+)
                  | [potion of mutation]
 80144 | Snake:2  | Gained mutation: Your flesh is very cold resistant. (rC++)
                  | [potion of mutation]
 80288 | Slime:5  | Lost mutation: You are partially covered in large bone
                  | plates. (SH +4) [potion of mutation]
 80288 | Slime:5  | Lost mutation: Your flesh is very cold resistant. (rC++)
                  | [potion of mutation]
 80288 | Slime:5  | Gained mutation: You are somewhat resistant to further
                  | mutation. [potion of mutation]
 80656 | Vaults:1 | Reached skill level 27 in Fighting
 80659 | Vaults:1 | Lost mutation: Your flesh is heat resistant. (rF+) [potion
                  | of mutation]
 80659 | Vaults:1 | Lost mutation: Your flesh is cold resistant. (rC+) [potion
                  | of mutation]
 80659 | Vaults:1 | Lost mutation: You are somewhat resistant to further
                  | mutation. [potion of mutation]
 80659 | Vaults:1 | Gained mutation: Your movements are slightly less
                  | encumbered by armour. (ER -2) [potion of mutation]
 80787 | Vaults:4 | Lost mutation: Your body often deteriorates upon taking
                  | damage. [potion of mutation]
 80787 | Vaults:4 | Lost mutation: You are agile. (Dex +4, Str/Int -1) [potion
                  | of mutation]
 80787 | Vaults:4 | Lost mutation: Your body sometimes deteriorates upon taking
                  | damage. [potion of mutation]
 80787 | Vaults:4 | Lost mutation: Your movements are slightly less encumbered
                  | by armour. (ER -2) [potion of mutation]
 80787 | Vaults:4 | Gained mutation: Your magical capacity is low. (-10% MP)
                  | [potion of mutation]
 80787 | Vaults:4 | Gained mutation: Your flesh is cold resistant. (rC+)
                  | [potion of mutation]
 81065 | D:14     | You paid a toll of 2 scrolls of acquirement to enter a
                  | treasure trove
 81066 | Trove    | Entered a treasure trove
 81070 | Trove    | Identified the +1 robe of the Worm {+Inv Stlth+}
 81071 | Trove    | Identified the +3 pair of boots of Contentment {Harm rF+
                  | Str+3 Dex-4}
 81072 | Trove    | Identified the +3 pair of boots "Fabry Ynuly" {rElec Str+4
                  | Dex+4}
 81076 | Trove    | Identified the +1 tower shield of Saisatt {Regen+}
 81077 | Trove    | Identified the +1 kite shield of Winter {rF+}
 81079 | Trove    | Found the +2 hat of the Bear Spirit {Spirit, *Rage Will++}
 81081 | Trove    | Identified the +2 pair of boots of Winter {Str+6}
 81557 | Vaults:4 | Bought shiny fire dragon scales for 1638 gold pieces
 82023 | Elf:3    | Reached skill level 1 in Staves
 82499 | Zot:1    | Entered Level 1 of the Realm of Zot
 82657 | Zot:1    | Identified the +9 plate armour "Pujen" {rElec rF- rC+++
                  | SInv}
 82824 | Zot:1    | Noticed an orb of fire
 82830 | Zot:1    | Gained mutation: Your body sometimes deteriorates upon
                  | taking damage. [an orb of fire]
 82834 | Zot:1    | Killed an orb of fire
 83002 | Zot:1    | Reached skill level 5 in Staves
 83505 | D:3      | Bought a jewelled scimitar for 252 gold pieces
 83505 | D:3      | Identified the +2 scimitar of Devotion {vorpal, *Corrode
                  | Int+2 Dex+5} (You bought it in a shop on level 3 of the
                  | Dungeon)
 83948 | Vaults:4 | Bought a dazzling ring mail for 234 gold pieces
 83948 | Vaults:4 | Identified the +4 ring mail "Japp" {rPois MP+9 Dex+2} (You
                  | bought it in a shop on level 4 of the Vaults)
 83948 | Vaults:4 | Bought a bloodstained ring mail for 234 gold pieces
 83948 | Vaults:4 | Identified the +0 ring mail "Oplae" {Int+3 Dex+6} (You
                  | bought it in a shop on level 4 of the Vaults)
 84609 | Zot:2    | Reached skill level 27 in Armour
 85082 | Zot:2    | Reached XP level 25. HP: 80/257 MP: 19/19
 86743 | Zot:3    | Gained mutation: You are frail. (-10% HP) [mutagenic glow]
 86754 | Zot:2    | Gained mutation: Armour fits poorly on your strangely
                  | shaped body. [mutagenic glow]
 86778 | Zot:2    | Gained mutation: You are dopey. (Int -2) [mutagenic glow]
 86789 | Zot:2    | Gained mutation: You have hidden genetic defects.
                  | [mutagenic glow]
 87361 | Elf:1    | Lost mutation: Your body sometimes deteriorates upon taking
                  | damage. [potion of mutation]
 87361 | Elf:1    | Lost mutation: Your spells are a little easier to cast, but
                  | a little less powerful. [potion of mutation]
 87361 | Elf:1    | Lost mutation: You are dopey. (Int -2) [potion of mutation]
 87361 | Elf:1    | Gained mutation: Your mind is acute. (Int +4, Str/Dex -1)
                  | [potion of mutation]
 87438 | Elf:3    | Lost mutation: You occasionally shout uncontrollably at
                  | your foes. [potion of mutation]
 87438 | Elf:3    | Lost mutation: You have hidden genetic defects. [potion of
                  | mutation]
 87438 | Elf:3    | Lost mutation: Your mind is acute. (Int +4, Str/Dex -1)
                  | [potion of mutation]
 87438 | Elf:3    | Lost mutation: You are frail. (-10% HP) [potion of
                  | mutation]
 87438 | Elf:3    | Gained mutation: Your body sometimes deteriorates upon
                  | taking damage. [potion of mutation]
 87438 | Elf:3    | Gained mutation: You are somewhat resistant to further
                  | mutation. [potion of mutation]
 87990 | Zot:3    | Reached skill level 1 in Long Blades
 88006 | Zot:3    | Noticed Parghit
 88382 | Zot:3    | Paralysed by a Zot trap for 5 turns
 88390 | Zot:2    | Killed from afar by a red draconian scorcher

Illustrated notes

Levels and vault maps discovered:
D:1:      nicolae_arrival_somewhat_less_tricky_arrival, layout_loops_ring,
          serial_bayou_ford_a, minmay_tromino_v2
D:2:      layout_basic, hangedman_decor_clover_reticule, minmay_statues_item
D:3:      layout_basic, serial_shops, nicolae_shop_waterfront,
          kennysheep_cluttered_room, grunt_ministairs_3
D:4:      layout_rooms, evilmike_ruin_ashenzari, grunt_temple_overflow_opulence,
          uniq_duvessa
D:5:      layout_gridville, mainiacjoe_overflow_six_doors_small,
          minmay_temple_entry_proselytizer, uniq_grinder, uniq_prince_ribbit1
D:6:      layout_layer_cave, nicolae_overflow_hidden_temple
D:7:      layout_loops_corners, mainiacjoe_overflow_concentric_impassable,
          serial_shops, nicolae_diamond_shop, st_stairs_9, grunt_ministairs_1
D:8:      layout_basic, mainiacjoe_overflow_brackets, sigmund_army, uniq_psyche
D:9:      layout_rooms, nicolae_overflow_crystal_walls,
          mainiacjoe_overflow_alcove_1, mainiacjoe_overflow_tiny_flanked,
          grunt_lair_entry_orc_guard_hut, ebering_ghost_xom
D:10:     layout_cross, enter_bailey_7
D:11:     layout_basic
D:12:     layout_irregular_city, kennysheep_orc_monster_closet_entryway
D:13:     layout_rooms, grunt_vaults_entry_tiered, uniq_nessos
D:14:     layout_basic, kennysheep_cross_landing,
          nicolae_trove_entry_path_of_doom, minmay_misc_feat_nine_boxes
D:15:     grunt_enter_depths_giant_problem, layout_loops_cross, glass_columns_b,
          st_stairs_6, chequers_mini_garden, uniq_kirke, uniq_rupert
Temple:   hellmonk_temple_two_chambers
Lair:1:   layout_regular_city, uniq_fannar, uniq_joseph, uniq_grum
Lair:2:   layout_regular_city, minmay_shoals_entry_hut, gammafunk_ghost_icy,
          kennysheep_snail_temple
Lair:3:   layout_gridlike, minmay_snake_entry_guardpost_small,
          grunt_forest_stairs_basic, uniq_josephine
Lair:4:   layout_regular_city, infiniplex_staircase_pool_2
Lair:5:   hellmonk_lair_end_abyssal_woods, layout_long_grid,
          minmay_slime_entry_jelly_boxes, nicolae_lair_lindhole,
          grunt_megastairs_4
Shoals:1: layout_shoals, serial_shops, nicolae_shop_overgrown_old_shop,
          nicolae_shop_clearance
Shoals:2: layout_shoals, serial_shops, bzr_entry_safe
Shoals:3: layout_shoals, nicolae_shoals_hunting_party, uniq_polyphemus,
          uniq_nikola
Shoals:4: shoals_end_hangedman, layout_shoals, shoals_ilsuiw_alternative,
          serial_shops, nicolae_shop_hallway_stairs
Snake:1:  layout_misc_corridors, basic_altar, drop_trap, st_stairs_8, uniq_aizul
Snake:2:  layout_chambers, basic_altar, uniq_vashnia
Snake:3:  layout_cave_town, nicolae_snake_lava_pool, minmay_shop_grove,
          grunt_megastairs_1
Snake:4:  snake_pit, layout_cave_town, minmay_shoptagon
Slime:1:  layout_caves
Slime:2:  layout_caves
Slime:3:  layout_caves
Slime:4:  layout_caves, nicolae_slime_barrier
Slime:5
Orc:1:    layout_diamond_mine, basic_altar, nicolae_orc_lava_room
Orc:2:    kennysheep_orc_mage_school, layout_caves, uniq_jorgrun
Elf:1:    nicolae_elf_arrival_fired_up, layout_loops_cross, serial_shops,
          nicolae_shop_statue_plus, shop, nicolae_shop_window_shopping, shop,
          hangedman_elf_represent, wad_dig_loot
Elf:2:    elven_hall_of_blades_hangedman_original
          [nicolae_blade_entry_area_security], layout_geoelf_octagon,
          serial_shops, nicolae_shop_crystal
Elf:3:    minmay_elf_hall_statues, layout_geoelf_castle, serial_shops,
          bzr_entry_road
Vaults:1: v_misc_11, vaults_room_grunt_arrival_ludios,
          nicolae_vaults_stairing_the_circle, v_misc_5, v_misc_13, v_misc_30,
          v_misc_9, nicolae_vaults_bisected_inception,
          vaults_room_stairs_pillars, vaults_mumra_chevron, vaults_dpeg_ring,
          vaults_room_pools, nicolae_vaults_statue_guard,
          layout_vaults_maze_snakey, serial_shops, shop, nicolae_lakefront_shop
Vaults:2: minmay_crypt_entry_simple_statues, vaults_mumra_hexcomb, v_pattern_2,
          v_misc_2, nicolae_vaults_what_the_h, nicolae_vaults_network_s,
          v_misc_24, nicolae_vaults_ring_of_whatevers, vaults_dpeg_doors,
          ontoclasm_vaults_loading_screen, layout_vaults_chaotic_city
Vaults:3: v_misc_16, vaults_mumra_bighexcomb, vaults_room_door_ring,
          layout_vaults_omnigrid, uniq_margery, uniq_boris
Vaults:4: nicolae_vaults_little_squares_1, gammafunk_sealed_library, v_misc_32,
          hangedman_vaults_corner, nicolae_vaults_little_squares_5,
          nicolae_vaults_puzzle_piece, v_misc_24, v_misc_33, v_misc_23,
          hangedman_vaults_cutoff, vaults_dpeg_encased_lava,
          nicolae_vaults_little_squares_6, nicolae_vaults_yaktaur_gun_rack,
          layout_vaults_big_cross, serial_shops, uniq_saint_roka
Vaults:5: serial_shops
Depths:1: layout_basic, serial_sigils_hangedman_gut, pf_hell_entry_great_geh,
          nicolae_abyss_entry_one_way_or_another, kennysheep_four_rooms,
          firewood_loft, serial_bayou_shore_a, minmay_shop_star
Depths:2: kennysheep_ogre_elephant_herders, layout_cave_pools, enter_ziggurat_e,
          grunt_hell_horde, tso_metal_star, pan_entry, kennysheep_crisscross,
          nrook_loot_triangle, infiniplex_staircase_zigzag_2
Depths:3: evilmike_silver_temple, layout_long_grid, serial_shops,
          bzr_entry_water, grunt_dithmenos_smoke_and_mirrors,
          grunt_pan_entry_zigzag, pf_coc_iceberg, abyss_entry, uniq_xtahua
Depths:4: grunt_x_marks_the_spot, layout_cave_pools, kiku_gazebo_garden_becter,
          hell_entry, nicolae_vehumet_radiance, serial_bayou_shore_b, uniq_vv,
          uniq_jory
Zot:1:    layout_misc_corridors, grunt_megastairs_2
Zot:2:    layout_gridlike, grunt_megastairs_5, lemuel_elevator, uniq_grunn
Zot:3:    layout_misc_corridors, st_small_dragon_hoard_1, uniq_parghit

Skill      XL: |  1  2  3  4  5  6  7  8  9 10 11 12 13 14 15 16 17 18 19 20 21 22 23 24 25 |
---------------+----------------------------------------------------------------------------+-----
Dodging        | 1 2 3 5 8 10 12 13 14 15 16 17 19 20 | 20.5
Fighting       | 4 5 6 7 8 10 11 12 14 15 16 17 18 19 20 21 22 24 25 27 | 27.0
Armour         | 4 5 6 7 8 10 11 12 14 15 16 18 20 22 23 24 25 26 27 | 27.0
Polearms       | 3 4 5 6 8 10 12 14 15 16 17 | 17.1
Shields        | 4 5 6 7 9 10 12 14 16 17 18 19 20 22 | 22.6
Stealth        | 6 8 9 |  9.2
Ranged Weapons | 5 6 9 11 13 14 | 14.0
Staves         | 7 8 |  8.7
Long Blades    | 3 |  3.1

Action                   |  1- 3 |  4- 6 |  7- 9 | 10-12 | 13-15 | 16-18 | 19-21 | 22-24 | 25-27 || total
-------------------------+-------+-------+-------+-------+-------+-------+-------+-------+-------++-------
Melee: Trident           |    85 |    66 |       |       |       |       |   426 |     3 |       ||   580
       Headbutt          |    12 |    15 |    81 |   190 |   346 |   344 |   727 |   711 |    50 ||  2476
       Spear             |       |    71 |   409 |   929 |  1626 |  1950 |   785 |    45 |       ||  5815
       Unarmed           |       |       |       |     5 |       |       |       |       |       ||     5
       Lance             |       |       |       |       |       |       |  1384 |  2244 |   190 ||  3818
       Lajatang          |       |       |       |       |       |       |       |     7 |       ||     7
 Fire: Sling             |       |       |       |       |       |    73 |    16 |    14 |       ||   103
Throw: Throwing net      |       |       |       |       |     2 |       |       |       |       ||     2
Invok: Potion Petition   |       |       |       |     3 |       |       |     2 |     6 |     1 ||    12
       Call Merchant     |       |       |       |       |     2 |       |       |     1 |       ||     3
       Bribe Branch      |       |       |       |       |       |       |     1 |       |       ||     1
Evoke: Wand              |       |       |       |       |     7 |     4 |     1 |     1 |       ||    13
  Use: Scroll            |       |     2 |     7 |     8 |    11 |     4 |    19 |    12 |     3 ||    66
       Potion            |       |     1 |    15 |     3 |     6 |     1 |     5 |    21 |     2 ||    54
 Stab: Invisible         |       |       |     7 |     3 |       |       |       |       |       ||    10
       Distracted        |       |       |       |     2 |    17 |    27 |    30 |    16 |     3 ||    95
       Sleeping          |       |       |       |       |    14 |    38 |    16 |     1 |       ||    69
       Petrified         |       |       |       |       |       |     5 |       |       |       ||     5
Armor: Scale mail        |    17 |    31 |    50 |       |       |       |       |       |       ||    98
       Chain mail        |       |       |     3 |    22 |       |       |       |       |       ||    25
       Plate armour      |       |       |       |   150 |   104 |       |   159 |   489 |       ||   902
       Skin              |       |       |       |     6 |       |       |       |     4 |     1 ||    11
       Shadow dragon sca |       |       |       |       |   146 |   238 |   190 |    33 |       ||   607
       Storm dragon scal |       |       |       |       |       |       |       |    51 |       ||    51
       Crystal plate arm |       |       |       |       |       |       |       |    18 |    76 ||    94
Dodge: Dodged            |    15 |    51 |   100 |   122 |   202 |   272 |   371 |   741 |    60 ||  1934
Block: Buckler           |    11 |    16 |    97 |   205 |   384 |       |       |       |       ||   713
       Reflection        |       |       |       |       |    58 |    86 |   103 |    81 |     1 ||   329
       Kite shield       |       |       |       |       |   164 |   981 |  1400 |   827 |       ||  3372
       Tower shield      |       |       |       |       |       |       |       |  1403 |   179 ||  1582
       Other             |       |       |       |       |       |       |       |     2 |       ||     2
